General information
- name: shinsEI
- type: Custom game
- host: Zith)
- saver: Zith)
map: EchoIsles
- players: 2
- length: 22:45
- speed: Fast
- version: 1.24 W3XP
- replay type: Public
» download(101 KB)
Players
team 1 (loser)
Zith) (
red | 158 APM | 3598 actions | 22:45)
4 Demon Hunter
2 Mana Burn
2 Evasion
3 Keeper of the Grove
2 Entangling Roots
1 Thorns Aura
» actions
| Assign group hotkey | 38 | |
| Basic commands | 31 | |
| Build / train | 68 | |
| Enter build submenu | 16 | |
| Enter hero's abilities submenu | 7 | |
| Give item / drop item | 4 | |
| Right click | 1593 | |
| Select / deselect | 545 | |
| Select group hotkey | 1178 | |
| Use ability | 118 | |
3598 total
» units
| Wisp | 18 | |
| Archer | 3 | |
| Druid of the Claw | 21 | |
42 total
» upgrades
| Druid of the Claw Training | 2 | |
| Mark of the Claw | 1 | |
| Strength of the Wild | 2 | |
| Reinforced Hides | 1 | |
6 total
» buildings
| Altar of Elders | 1 | |
| Moon Well | 7 | |
| Ancient of War | 1 | |
| Tree of Ages | 1 | |
| Hunter's Hall | 1 | |
| Ancient of Wonders | 1 | |
| Ancient of Lore | 2 | |
| Tree of Eternity | 1 | |
| Tree of Life | 1 | |
16 total
» build order
00:07 Altar of Elders
00:16 Moon Well
00:22 Ancient of War
01:53 Moon Well
02:53 Moon Well
03:02 Tree of Ages
03:47 Hunter's Hall
04:39 Ancient of Wonders
05:28 Ancient of Lore
05:33 Ancient of Lore
05:42 Tree of Eternity
07:03 Moon Well
09:51 Moon Well
12:58 Tree of Life
13:24 Moon Well
19:47 Moon Well
» items
| Boots of Speed | 2 | |
| Staff of Preservation | 1 | |
| Orb of Venom | 1 | |
| Scroll of Healing | 3 | |
| Scroll of Town Portal | 2 | |
9 total
team 2 (winner)

»
Shins- (
blue | 120 APM | 2721 actions | 22:45)
5 Demon Hunter
3 Mana Burn
2 Evasion
5 Pandaren Brewmaster
3 Breath of Fire
1 Drunken Haze
1 Drunken Brawler
1 Pit Lord
1 Howl of Terror
» actions
| Assign group hotkey | 136 | |
| Basic commands | 287 | |
| Build / train | 87 | |
| ESC pressed | 6 | |
| Enter build submenu | 19 | |
| Enter hero's abilities submenu | 12 | |
| Give item / drop item | 1 | |
| Right click | 1129 | |
| Select / deselect | 760 | |
| Select group hotkey | 170 | |
| Use ability | 114 | |
2721 total
» units
| Wisp | 23 | |
| Archer | 7 | |
| Druid of the Claw | 7 | |
| Dryad | 4 | |
41 total
» upgrades
| Druid of the Claw Training | 2 | |
| Strength of the Wild | 3 | |
| Reinforced Hides | 3 | |
| Well Spring | 1 | |
| Mark of the Claw | 1 | |
| Ultravision | 1 | |
| Nature's Blessing | 1 | |
| Abolish Magic | 1 | |
13 total
» buildings
| Altar of Elders | 1 | |
| Moon Well | 7 | |
| Ancient of War | 1 | |
| Ancient of Wonders | 2 | |
| Hunter's Hall | 1 | |
| Tree of Ages | 2 | |
| Ancient Protector | 1 | |
| Ancient of Lore | 2 | |
| Tree of Eternity | 2 | |
| Tree of Life | 1 | |
20 total
» build order
00:06 Altar of Elders
00:19 Moon Well
00:51 Ancient of War
01:47 Moon Well
01:58 Ancient of Wonders
02:35 Hunter's Hall
03:31 Tree of Ages
03:31 Tree of Ages
03:49 Moon Well
04:22 Moon Well
04:24 Moon Well
04:54 Ancient Protector
06:30 Ancient of Lore
06:31 Ancient of Lore
06:54 Tree of Eternity
06:54 Tree of Eternity
11:52 Moon Well
11:53 Moon Well
17:17 Tree of Life
21:19 Ancient of Wonders
» items
| Staff of Preservation | 2 | |
| Lesser Clarity Potion | 1 | |
| Potion of Mana | 2 | |
5 total
Chat log
(00:13 / All) Shins-: too laggy
(00:22 / All) Zith): sec
(00:25 / All) Zith): go?
(00:31 / All) Shins-: uh
(00:40 / All) Shins-: dunno abit too laggy
(00:44 / All) Shins-: and ne needs micro :(
(00:55 / All) Zith): well
(17:39 / All) Shins-: yep upgrades make a wholefucking difference
(18:30 / All) Zith): micro too
(18:38 / All) Shins-: my micro sucks
(18:43 / All) Shins-: i let my upgrades do it for me
(18:48 / All) Shins-: just like blm knights
(22:44 / All) Zith): gg